MID
CLINTON LUMBERKINGS @ QUAD CITIES RIVER BANDITS
06/11/2099
 
TOP OF THE 1ST
Clinton LumberKings batting - Pitching for Quad Cities River Bandits : RHP Joseph Fisher
Pitching: RHP Joseph Fisher
Batting: SHB Brent Manske 0-0: Called Strike
0-1: Ball
1-1: Foul Ball, location: 25FF
1-2: Ball
2-2: Ground out 4-3 (Groundball, 4, EV 83.1 MPH)
Batting: RHB Manuel Villa 0-0: Ball
1-0: Called Strike
1-1: Ball
2-1: Ball
3-1: Fly out, F7 (Line Drive, 7S, EV 95.0 MPH)
Batting: LHB William Currea 0-0: Fly out, F7 (Flyball, 7, EV 87.5 MPH)
Top of the 1st over - 0 runs, 0 hits, 0 errors, 0 left on base; Clinton 0 - Quad Cities 0
BOTTOM OF THE 1ST
Quad Cities River Bandits batting - Pitching for Clinton LumberKings : RHP Jeremy Koch
Pitching: RHP Jeremy Koch
Batting: RHB Kymani Biggs 0-0: Called Strike
0-1: Ball
1-1: Ball
2-1: Fly out, F4 (Popup, 4M, EV 68.8 MPH)
Batting: LHB Richard Merino 0-0: Ball
1-0: Ball
2-0: Called Strike
2-1: Ball
3-1: Foul Ball, location: 3SF
3-2: DOUBLE (Groundball, 3L, EV 96.9 MPH)
Batting: RHB Chris Oakley 0-0: Called Strike
0-1: Called Strike
0-2: Ball
1-2: Foul Ball, location: 9LDF
1-2: Strikes out swinging
Batting: LHB Dana Welch 0-0: SINGLE (Line Drive, 9S, EV 91.3 MPH)
Richard Merino to third
Runner from 3rd tries for Home, SAFE, throw by RF to home
Batting: RHB Cody Shuman 0-0: Ball
1-0: SINGLE (Line Drive, 6MD, EV 103.1 MPH)
Dana Welch to second
Batting: RHB Paolo Couvreur 0-0: Called Strike
0-1: Foul Ball, location: 9LSF
0-2: Ball
1-2: 3-RUN HOME RUN (Flyball, 9LD, EV 91.3 MPH), Distance : 332 ft
Batting: RHB Adam Reid 0-0: Foul Ball, location: 2LF
0-1: Ball
1-1: Ball
2-1: Ball
3-1: Swinging Strike
3-2: Fly out, F7 (Flyball, 7, EV 95.0 MPH)
Bottom of the 1st over - 4 runs, 4 hits, 0 errors, 0 left on base; Clinton 0 - Quad Cities 4
TOP OF THE 2ND
Clinton LumberKings batting - Pitching for Quad Cities River Bandits : RHP Joseph Fisher
Batting: SHB Javy Flores 0-0: Called Strike
0-1: Ball
1-1: Ball
2-1: Foul Ball, location: 2LF
2-2: Foul Ball, location: 3F
2-2: Ball
3-2: Foul Ball, location: 3SF
3-2: Strikes out swinging
Batting: LHB Ramon Boche 0-0: Called Strike
0-1: Swinging Strike
0-2: Strikes out swinging
Batting: RHB Paul Nichols 0-0: Called Strike
0-1: Foul Ball, location: 2F
0-2: Ball
1-2: Ball
2-2: Ground out 5-3 (Groundball, 56, EV 105.0 MPH)
Top of the 2nd over - 0 runs, 0 hits, 0 errors, 0 left on base; Clinton 0 - Quad Cities 4
BOTTOM OF THE 2ND
Quad Cities River Bandits batting - Pitching for Clinton LumberKings : RHP Jeremy Koch
Batting: RHB Chase Bavaro 0-0: Swinging Strike
0-1: Ball
1-1: Fly out, F9 (Flyball, 89M, EV 93.1 MPH)
Batting: LHB Dan Deible 0-0: DOUBLE (Flyball, 8RXD, EV 95.0 MPH)
Batting: RHB Kymani Biggs 0-0: Ball
1-0: Ball
2-0: Foul Ball, location: 2F
2-1: Swinging Strike
2-2: Strikes out swinging
Batting: LHB Richard Merino 0-0: Ball
1-0: Foul Ball, location: 7LSF
1-1: Foul Ball, location: 3F
1-2: Foul Ball, location: 2F
1-2: Ground out 5-3 (Groundball, 5, EV 110.0 MPH)
Bottom of the 2nd over - 0 runs, 1 hit, 0 errors, 1 left on base; Clinton 0 - Quad Cities 4
TOP OF THE 3RD
Clinton LumberKings batting - Pitching for Quad Cities River Bandits : RHP Joseph Fisher
Batting: RHB Victor Ramirez 0-0: Called Strike
0-1: Called Strike
0-2: Foul Ball, location: 2F
0-2: Ball
1-2: Strikes out swinging
Batting: RHB Byron Coyle 0-0: Ball
1-0: Swinging Strike
1-1: Swinging Strike
1-2: Strikes out swinging
Batting: RHB Sean Flora 0-0: Ball
1-0: Called Strike
1-1: Foul Ball, location: 2F
1-2: Ball
2-2: Foul Ball, location: 5FF
2-2: Ground out 6-3 (Groundball, 6S, EV 71.3 MPH)
Top of the 3rd over - 0 runs, 0 hits, 0 errors, 0 left on base; Clinton 0 - Quad Cities 4
BOTTOM OF THE 3RD
Quad Cities River Bandits batting - Pitching for Clinton LumberKings : RHP Jeremy Koch
Batting: RHB Chris Oakley 0-0: Called Strike
0-1: Swinging Strike
0-2: Strikes out looking
Batting: LHB Dana Welch 0-0: Ball
1-0: Foul Ball, location: 5SF
1-1: Fly out, F7 (Flyball, 78D, EV 94.4 MPH)
Batting: RHB Cody Shuman 0-0: Swinging Strike
0-1: Foul Ball, location: 2F
0-2: Ball
1-2: Ball
2-2: Strikes out swinging
Bottom of the 3rd over - 0 runs, 0 hits, 0 errors, 0 left on base; Clinton 0 - Quad Cities 4
TOP OF THE 4TH
Clinton LumberKings batting - Pitching for Quad Cities River Bandits : RHP Joseph Fisher
Batting: SHB Brent Manske 0-0: Ball
1-0: Ground out 6-3 (Groundball, 6, EV 95.6 MPH)
Batting: RHB Manuel Villa 0-0: Ball
1-0: Swinging Strike
1-1: Called Strike
1-2: Foul Ball, location: 9LSF
1-2: Ball
2-2: DOUBLE (Line Drive, 78D, EV 109.4 MPH)
Batting: LHB William Currea 0-0: Foul Ball, location: 2F
0-1: Foul Ball, location: 2F
0-2: Foul Ball, location: 9LSF
0-2: Ground out 4-3 (Groundball, 4, EV 106.9 MPH)
Manuel Villa to third
Batting: SHB Javy Flores 0-0: Called Strike
0-1: Ground out 6-3 (Groundball, 6, EV 99.4 MPH)
Top of the 4th over - 0 runs, 1 hit, 0 errors, 1 left on base; Clinton 0 - Quad Cities 4
BOTTOM OF THE 4TH
Quad Cities River Bandits batting - Pitching for Clinton LumberKings : RHP Jeremy Koch
Batting: RHB Paolo Couvreur 0-0: Called Strike
0-1: Foul Ball, location: 2F
0-2: Ball
1-2: Ball
2-2: Foul Ball, location: 9LDF
2-2: Ground out 1-6-3 (Groundball, 15S, EV 83.8 MPH)
Batting: RHB Adam Reid 0-0: Ball
1-0: Ball
2-0: Ground out 4-3 (Groundball, 4, EV 82.5 MPH)
Batting: RHB Chase Bavaro 0-0: Ball
1-0: Foul Ball, location: 5F
1-1: Called Strike
1-2: Ball
2-2: SINGLE (Line Drive, 9S, EV 104.4 MPH)
Batting: LHB Dan Deible 0-0: Ball
1-0: Ball
2-0: SINGLE (Groundball, 6MD, EV 108.1 MPH)
Chase Bavaro to second
Batting: RHB Kymani Biggs 0-0: Ball
1-0: Swinging Strike
1-1: Swinging Strike
1-2: SINGLE (Groundball, 4MD, EV 106.9 MPH)
Chase Bavaro to third
Dan Deible to second
Runner from 3rd tries for Home, SAFE, throw by CF to home
Pitching: RHP Bartolomeo Guistiniani
Batting: LHB Richard Merino 0-0: Ball
1-0: Ball
2-0: Ball
3-0: Base on Balls
Dan Deible to third
Kymani Biggs to second
Batting: RHB Chris Oakley 0-0: Ball
1-0: Ball
2-0: Fielders Choice at 2nd, 5-4 (Groundball, 56, EV 101.3 MPH)
Bottom of the 4th over - 1 run, 3 hits, 0 errors, 3 left on base; Clinton 0 - Quad Cities 5
TOP OF THE 5TH
Clinton LumberKings batting - Pitching for Quad Cities River Bandits : RHP Joseph Fisher
Batting: LHB Ramon Boche 0-0: Fly out, F8 (Flyball, 8RS, EV 90.0 MPH)
Batting: RHB Paul Nichols 0-0: Called Strike
0-1: Foul Ball, location: 25F
0-2: Foul Ball, location: 9LDF
0-2: Foul Ball, location: 9LSF
0-2: Ground out 4-3 (Groundball, 4, EV 81.3 MPH)
Batting: RHB Victor Ramirez 0-0: TRIPLE (Line Drive, 89XD, EV 97.5 MPH)
Batting: RHB Byron Coyle 0-0: Ball
1-0: Ball
2-0: Ground out 5-3 (Groundball, 56, EV 83.1 MPH)
Top of the 5th over - 0 runs, 1 hit, 0 errors, 1 left on base; Clinton 0 - Quad Cities 5
BOTTOM OF THE 5TH
Quad Cities River Bandits batting - Pitching for Clinton LumberKings : RHP Bartolomeo Guistiniani
Batting: LHB Dana Welch 0-0: Fly out, F7 (Flyball, 7, EV 90.0 MPH)
Batting: RHB Cody Shuman 0-0: Swinging Strike
0-1: Ball
1-1: Foul Ball, location: 2F
1-2: Fly out, F8 (Flyball, 78M, EV 89.4 MPH)
Batting: RHB Paolo Couvreur 0-0: Ball
1-0: Ball
2-0: Swinging Strike
2-1: SINGLE (Line Drive, 8LS, EV 105.0 MPH)
Batting: RHB Adam Reid 0-0: Ball
1-0: Called Strike
1-1: Ball
Paolo Couvreur is caught stealing 2nd base 2-4
Bottom of the 5th over - 0 runs, 1 hit, 0 errors, 0 left on base; Clinton 0 - Quad Cities 5
TOP OF THE 6TH
Clinton LumberKings batting - Pitching for Quad Cities River Bandits : RHP Joseph Fisher
Batting: RHB Sean Flora 0-0: Called Strike
0-1: Ground out 5-3 (Groundball, 56S, EV 68.1 MPH)
Batting: SHB Brent Manske 0-0: Called Strike
0-1: Ball
1-1: Ball
2-1: Foul Ball, location: 7LSF
2-2: Ball
3-2: DOUBLE (Flyball, 78D, EV 106.3 MPH)
Batting: RHB Manuel Villa 0-0: Called Strike
Brent Manske steals 3rd base
0-1: Ball
1-1: Ball
2-1: Ball
3-1: Foul Ball, location: 5F
3-2: Foul Ball, location: 9LMF
3-2: Foul Ball, location: 23FF
3-2: Fly out, F3 (Line Drive, 3L, EV 70.6 MPH)
Batting: LHB William Currea 0-0: Ball
1-0: Ball
2-0: Called Strike
2-1: Ball
3-1: Ground out 6-3 (Groundball, 6MS, EV 60.6 MPH)
Top of the 6th over - 0 runs, 1 hit, 0 errors, 1 left on base; Clinton 0 - Quad Cities 5
BOTTOM OF THE 6TH
Quad Cities River Bandits batting - Pitching for Clinton LumberKings : RHP Bartolomeo Guistiniani
Batting: RHB Adam Reid 0-0: Fly out, F8 (Flyball, 8RM, EV 82.5 MPH)
Batting: RHB Chase Bavaro 0-0: SOLO HOME RUN (Flyball, 9D, EV 95.6 MPH), Distance : 351 ft
Batting: LHB Dan Deible 0-0: Ground out U3 (Groundball, 34S, EV 85.0 MPH)
Batting: RHB Kymani Biggs 0-0: Ball
1-0: SINGLE (Groundball, 6S, EV 68.8 MPH) (infield hit)
Batting: LHB Richard Merino 0-0: Foul Ball, location: 2F
0-1: Called Strike
0-2: Foul Ball, location: 2F
0-2: Fly out, F7 (Flyball, 7, EV 81.9 MPH)
Bottom of the 6th over - 1 run, 2 hits, 0 errors, 1 left on base; Clinton 0 - Quad Cities 6
TOP OF THE 7TH
Clinton LumberKings batting - Pitching for Quad Cities River Bandits : RHP Joseph Fisher
Batting: SHB Javy Flores 0-0: Called Strike
0-1: Ball
1-1: Swinging Strike
1-2: Foul Ball, location: 9LSF
1-2: Strikes out looking
Batting: LHB Ramon Boche 0-0: Called Strike
0-1: Ball
1-1: SINGLE (Groundball, 56D, EV 101.3 MPH)
Pitching: RHP Nate Kirby
Batting: RHB Paul Nichols 0-0: Foul Ball, location: 2F
0-1: Ball
1-1: Ball
2-1: Fly out, F8 (Flyball, 78D, EV 94.4 MPH)
Batting: RHB Victor Ramirez 0-0: Foul Ball, location: 7LDF
0-1: Foul Ball, location: 2F
0-2: Fly out, F6 (Line Drive, 6M, EV 68.8 MPH)
Top of the 7th over - 0 runs, 1 hit, 0 errors, 1 left on base; Clinton 0 - Quad Cities 6
BOTTOM OF THE 7TH
Quad Cities River Bandits batting - Pitching for Clinton LumberKings : RHP Bartolomeo Guistiniani
Batting: RHB Chris Oakley 0-0: Ball
1-0: SINGLE (Line Drive, 56D, EV 97.5 MPH)
Batting: LHB Dana Welch 0-0: Ball
1-0: Grounds into double play, 4-6-3 (Groundball, 4, EV 84.4 MPH)
Batting: RHB Cody Shuman 0-0: Ball
1-0: Swinging Strike
1-1: Foul Ball, location: 5FF
1-2: Ball
2-2: Ball
3-2: Strikes out swinging
Bottom of the 7th over - 0 runs, 1 hit, 0 errors, 0 left on base; Clinton 0 - Quad Cities 6
TOP OF THE 8TH
Clinton LumberKings batting - Pitching for Quad Cities River Bandits : RHP Nate Kirby
Batting: RHB Byron Coyle 0-0: Ball
1-0: Swinging Strike
1-1: Ball
2-1: Foul Ball, location: 9LSF
2-2: Foul Ball, location: 7LMF
2-2: Ball
3-2: Ground out 1-3 (Groundball, 13S, EV 61.9 MPH)
Batting: RHB Sean Flora 0-0: Foul Ball, location: 5SF
0-1: Ball
1-1: Ball
2-1: Called Strike
2-2: Ground out 5-3 (Groundball, 56S, EV 77.5 MPH)
Batting: SHB Brent Manske 0-0: Ball
1-0: Ball
2-0: Fly out, F8 (Flyball, 8LM, EV 75.6 MPH)
Top of the 8th over - 0 runs, 0 hits, 0 errors, 0 left on base; Clinton 0 - Quad Cities 6
BOTTOM OF THE 8TH
Quad Cities River Bandits batting - Pitching for Clinton LumberKings : RHP Bartolomeo Guistiniani
Batting: RHB Paolo Couvreur 0-0: Swinging Strike
0-1: Called Strike
0-2: Ball
1-2: Ground out 4-3 (Groundball, 4, EV 87.5 MPH)
Batting: RHB Adam Reid 0-0: SOLO HOME RUN (Flyball, 7LD, EV 98.8 MPH), Distance : 360 ft
Pinch Hitting: LHB Chris Sharpe 0-0: SINGLE (Groundball, 34D, EV 96.9 MPH)
Batting: LHB Dan Deible 0-0: Ball
1-0: Called Strike
1-1: Ball
2-1: Fly out, F7 (Flyball, 78M, EV 95.0 MPH)
Pinch Hitting: RHB Kevin Ruark 0-0: Ball
1-0: Ball
2-0: Fly out, F8 (Flyball, 78D, EV 85.6 MPH)
Bottom of the 8th over - 1 run, 2 hits, 0 errors, 1 left on base; Clinton 0 - Quad Cities 7
TOP OF THE 9TH
Clinton LumberKings batting - Pitching for Quad Cities River Bandits : RHP Nate Kirby
Now at 2B: Chris Sharpe
Now at SS: Matt Wasserman
Batting: RHB Manuel Villa 0-0: Called Strike
0-1: Ball
1-1: Called Strike
1-2: Foul Ball, location: 9LSF
1-2: Ground out 5-3 (Groundball, 56S, EV 91.9 MPH)
Batting: LHB William Currea 0-0: Ball
1-0: Foul Ball, location: 3FF
1-1: Foul Ball, location: 9LDF
1-2: Strikes out looking
Batting: SHB Javy Flores 0-0: Ball
1-0: Fly out, F8 (Flyball, 89M, EV 92.5 MPH)
Top of the 9th over - 0 runs, 0 hits, 0 errors, 0 left on base; Clinton 0 - Quad Cities 7
Wednesday, May 8th , 2024 - OOTP Baseball 24.11 Build 85